A
ERIE ROADRUNNERS @ ABERDEEN IRONBIRDS
05/08/2060
 
TOP OF THE 1ST
Erie Roadrunners batting - Pitching for Aberdeen Ironbirds : RHP Aidan Parada
Pitching: RHP Aidan Parada
Batting: RHB Nathan Richards 0-0: Called Strike
0-1: Ball
1-1: Ball
2-1: Ball
3-1: Base on Balls
Batting: LHB Tom McNew 0-0: Swinging Strike
0-1: Ball
1-1: DOUBLE (Line Drive, 7LM, EV 112.5 MPH)
Nathan Richards to third
Batting: RHB Jasper Humphries 0-0: Ball
1-0: Ground out 5-3 (Groundball, 5L, EV 81.9 MPH)
Batting: LHB Blake Coursey 0-0: Ball
1-0: Fly out, F3 (Line Drive, 3, EV 68.8 MPH)
Batting: LHB Jaiden Gelovani 0-0: Ball
1-0: Ball
2-0: Foul Ball, location: 2F
2-1: Foul Ball, location: 2F
2-2: Foul Ball, location: 2F
2-2: DOUBLE (Groundball, 3L, EV 105.0 MPH)
Nathan Richards scores
Tom McNew scores
Batting: RHB Tre Daalhuizen 0-0: Foul Ball, location: 2F
0-1: Ground out 4-3 (Groundball, 4M, EV 87.5 MPH)
Top of the 1st over - 2 runs, 2 hits, 0 errors, 1 left on base; Erie 2 - Aberdeen 0
BOTTOM OF THE 1ST
Aberdeen Ironbirds batting - Pitching for Erie Roadrunners : RHP Carson Courtney
Pitching: RHP Carson Courtney
Batting: RHB Trevor Gorsuch 0-0: Called Strike
0-1: Ground out 4-3 (Groundball, 34, EV 83.1 MPH)
Batting: RHB Jeremiah Butler 0-0: Ground out 5-3 (Groundball, 56, EV 85.0 MPH)
Batting: RHB Wyatt Tait 0-0: Ball
1-0: Ground out 6-3 (Groundball, 6, EV 90.6 MPH)
Bottom of the 1st over - 0 runs, 0 hits, 0 errors, 0 left on base; Erie 2 - Aberdeen 0
TOP OF THE 2ND
Erie Roadrunners batting - Pitching for Aberdeen Ironbirds : RHP Aidan Parada
Batting: LHB Bruno de Santiago 0-0: Ball
1-0: Foul Ball, location: 2F
1-1: Foul Ball, location: 2F
1-2: Strikes out swinging
Batting: RHB Dennis Dahl 0-0: Called Strike
0-1: Called Strike
0-2: Strikes out swinging
Batting: RHB Ryan Simpson 0-0: Ball
1-0: DOUBLE (Flyball, 8LXD, EV 98.8 MPH)
Batting: RHB Nathan Richards 0-0: Ball
1-0: Ball
2-0: Called Strike
2-1: Swinging Strike
2-2: Foul Ball, location: 2F
2-2: Strikes out swinging
Top of the 2nd over - 0 runs, 1 hit, 0 errors, 1 left on base; Erie 2 - Aberdeen 0
BOTTOM OF THE 2ND
Aberdeen Ironbirds batting - Pitching for Erie Roadrunners : RHP Carson Courtney
Batting: RHB Wyatt Groome 0-0: Called Strike
0-1: Ball
1-1: Foul Ball, location: 2F
1-2: Foul Ball, location: 2F
1-2: Strikes out swinging
Batting: RHB Nolan Posner 0-0: SINGLE (Groundball, 6D, EV 101.2 MPH)
Batting: RHB Jaydon Bradley 0-0: Ball
1-0: Ball
2-0: Foul Ball, location: 2F
2-1: Foul Ball, location: 2F
2-2: Ball
3-2: DOUBLE (Line Drive, 89M, EV 90.6 MPH)
Nolan Posner to third
Batting: RHB Clayton Mendieta 0-0: Swinging Strike
0-1: Swinging Strike
0-2: Ball
1-2: Ball
2-2: Strikes out swinging
Batting: RHB Joey Scott 0-0: Called Strike
0-1: Ball
1-1: Foul Ball, location: 2F
1-2: Ball
2-2: Foul Ball, location: 2F
2-2: Ball
3-2: Ground out 6-3 (Groundball, 6, EV 86.2 MPH)
Bottom of the 2nd over - 0 runs, 2 hits, 0 errors, 2 left on base; Erie 2 - Aberdeen 0
TOP OF THE 3RD
Erie Roadrunners batting - Pitching for Aberdeen Ironbirds : RHP Aidan Parada
Batting: LHB Tom McNew 0-0: Ball
1-0: Ball
2-0: SINGLE (Line Drive, 9S, EV 112.5 MPH)
Batting: RHB Jasper Humphries 0-0: Ball
1-0: Swinging Strike
1-1: Called Strike
1-2: SINGLE (Groundball, 6D, EV 108.8 MPH)
Tom McNew to second
Batting: LHB Blake Coursey 0-0: Fly out, F8 (Line Drive, 8RM, EV 87.5 MPH)
Batting: LHB Jaiden Gelovani 0-0: Ball
1-0: Ball
Tom McNew steals 3rd base
Jasper Humphries to second
2-0: Foul Ball, location: 2F
2-1: Swinging Strike
2-2: Ball
3-2: Strikes out swinging
Batting: RHB Tre Daalhuizen 0-0: Fly out, F8 (Flyball, 89M, EV 85.6 MPH)
Top of the 3rd over - 0 runs, 2 hits, 0 errors, 2 left on base; Erie 2 - Aberdeen 0
BOTTOM OF THE 3RD
Aberdeen Ironbirds batting - Pitching for Erie Roadrunners : RHP Carson Courtney
Batting: RHB Levi Bellard 0-0: Ball
1-0: Called Strike
1-1: Swinging Strike
1-2: Foul Ball, location: 2F
1-2: Ball
2-2: Ball
3-2: Base on Balls
Batting: RHB Trevor Gorsuch 0-0: Ball
1-0: Ground out U3 (Groundball, 3S, EV 73.8 MPH)
Levi Bellard to second
Batting: RHB Jeremiah Butler 0-0: Ball
1-0: SINGLE (Groundball, 25, EV 68.1 MPH) (infield hit)
Levi Bellard to third
Batting: RHB Wyatt Tait 0-0: Ball
1-0: Called Strike
Jeremiah Butler is caught stealing 2nd base 2-4
1-1: Foul Ball, location: 2F
1-2: Fly out, F9 (Line Drive, 9, EV 91.9 MPH)
Bottom of the 3rd over - 0 runs, 1 hit, 0 errors, 1 left on base; Erie 2 - Aberdeen 0
TOP OF THE 4TH
Erie Roadrunners batting - Pitching for Aberdeen Ironbirds : RHP Aidan Parada
Batting: LHB Bruno de Santiago 0-0: Ball
1-0: SINGLE (Groundball, 34D, EV 97.5 MPH)
Batting: RHB Dennis Dahl 0-0: Ball
1-0: Called Strike
1-1: Foul Ball, location: 2F
1-2: Strikes out looking
Batting: RHB Ryan Simpson 0-0: Ball
1-0: Grounds into double play, 5-4-3 (Groundball, 56, EV 86.9 MPH)
Top of the 4th over - 0 runs, 1 hit, 0 errors, 0 left on base; Erie 2 - Aberdeen 0
BOTTOM OF THE 4TH
Aberdeen Ironbirds batting - Pitching for Erie Roadrunners : RHP Carson Courtney
Batting: RHB Wyatt Groome 0-0: Swinging Strike
0-1: Ball
1-1: Ball
2-1: Foul Ball, location: 2F
2-2: Ground out 1-3 (Groundball, 13S, EV 68.8 MPH)
Batting: RHB Nolan Posner 0-0: Called Strike
0-1: Ball
1-1: Ball
2-1: Foul Ball, location: 2F
2-2: SINGLE (Groundball, 56D, EV 101.9 MPH)
Batting: RHB Jaydon Bradley 0-0: Ball
1-0: Ball
2-0: Ball
3-0: Called Strike
3-1: Base on Balls
Nolan Posner to second
Batting: RHB Clayton Mendieta 0-0: Ball
1-0: Called Strike
1-1: Called Strike
1-2: Foul Ball, location: 2F
1-2: Ball
2-2: Foul Ball, location: 2F
2-2: Foul Ball, location: 2F
2-2: SINGLE (Groundball, 6MD, EV 94.4 MPH)
Nolan Posner to third
Jaydon Bradley to second
Batting: RHB Joey Scott 0-0: Ball
1-0: Foul Ball, location: 2F
1-1: Called Strike
1-2: Strikes out swinging
Batting: RHB Levi Bellard 0-0: Foul Ball, location: 2F
0-1: Ball
1-1: SINGLE (Groundball, 6D, EV 101.9 MPH)
Nolan Posner scores
Jaydon Bradley to third
Clayton Mendieta to second
Runner from 3rd tries for Home, SAFE, throw by CF to home
Batting: RHB Trevor Gorsuch 0-0: Called Strike
0-1: Ball
1-1: Ball
2-1: SINGLE (Flyball, 78S, EV 83.8 MPH)
Clayton Mendieta to third
Levi Bellard to second
Batting: RHB Jeremiah Butler 0-0: Ball
1-0: Foul Ball, location: 2F
1-1: Ball
2-1: DOUBLE (Line Drive, 7LS, EV 93.1 MPH)
Clayton Mendieta scores
Levi Bellard scores
Trevor Gorsuch to third
Runner from 3rd tries for Home, SAFE, throw by LF to home
Pitching: RHP Jeff Earnest
Batting: RHB Wyatt Tait 0-0: Foul Ball, location: 2F
0-1: Foul Ball, location: 2F
0-2: Foul Ball, location: 2F
0-2: Ground out U3 (Groundball, 34S, EV 79.4 MPH)
Bottom of the 4th over - 5 runs, 5 hits, 0 errors, 1 left on base; Erie 2 - Aberdeen 5
TOP OF THE 5TH
Erie Roadrunners batting - Pitching for Aberdeen Ironbirds : RHP Aidan Parada
Batting: RHB Nathan Richards 0-0: Foul Ball, location: 2F
0-1: Foul Ball, location: 2F
0-2: Ball
1-2: SINGLE (Groundball, 4MS, EV 63.1 MPH) (infield hit)
Batting: LHB Tom McNew 0-0: Ball
1-0: Ball
2-0: Sac Bunt to 2R - play at first, batter OUT! 2-3
Nathan Richards to second
Batting: RHB Jasper Humphries 0-0: Ball
1-0: Called Strike
1-1: Ball
2-1: Foul Ball, location: 2F
2-2: Foul Ball, location: 2F
2-2: Fly out, F7 (Flyball, 7LS, EV 90.0 MPH)
Batting: LHB Blake Coursey 0-0: Ball
1-0: Foul Ball, location: 2F
1-1: Swinging Strike
1-2: Ground out 3-1 (Groundball, 34, EV 81.2 MPH)
Top of the 5th over - 0 runs, 1 hit, 0 errors, 1 left on base; Erie 2 - Aberdeen 5
BOTTOM OF THE 5TH
Aberdeen Ironbirds batting - Pitching for Erie Roadrunners : RHP Jeff Earnest
Batting: RHB Wyatt Groome 0-0: Fly out, F7 (Line Drive, 78D, EV 93.1 MPH)
Batting: RHB Nolan Posner 0-0: Foul Ball, location: 2F
0-1: Fly out, F3 (Popup, 3S, EV 70.0 MPH)
Batting: RHB Jaydon Bradley 0-0: Ball
1-0: Foul Ball, location: 2F
1-1: Foul Ball, location: 2F
1-2: Strikes out swinging
Bottom of the 5th over - 0 runs, 0 hits, 0 errors, 0 left on base; Erie 2 - Aberdeen 5
TOP OF THE 6TH
Erie Roadrunners batting - Pitching for Aberdeen Ironbirds : RHP Aidan Parada
Batting: LHB Jaiden Gelovani 0-0: Ball
1-0: Foul Ball, location: 2F
1-1: Ball
2-1: Foul Ball, location: 2F
2-2: Ball
3-2: Fly out, F7 (Flyball, 7, EV 75.0 MPH)
Batting: RHB Tre Daalhuizen 0-0: Foul Ball, location: 2F
0-1: Ball
1-1: Called Strike
1-2: Ball
2-2: Ball
3-2: SINGLE (Groundball, 4MD, EV 105.6 MPH)
Batting: LHB Bruno de Santiago 0-0: Called Strike
Tre Daalhuizen is caught stealing 2nd base 2-6
0-1: Called Strike
0-2: Strikes out swinging
Top of the 6th over - 0 runs, 1 hit, 0 errors, 0 left on base; Erie 2 - Aberdeen 5
BOTTOM OF THE 6TH
Aberdeen Ironbirds batting - Pitching for Erie Roadrunners : RHP Jeff Earnest
Batting: RHB Clayton Mendieta 0-0: Ball
1-0: Ball
2-0: SINGLE (Line Drive, 7S, EV 100.0 MPH)
Batting: RHB Joey Scott 0-0: Ball
1-0: Called Strike
1-1: Called Strike
1-2: Ball
2-2: Ball
3-2: Fielders Choice at 2nd, 6-4 (Groundball, 6, EV 85.6 MPH)
Batting: RHB Levi Bellard 0-0: Ball
Joey Scott steals 2nd base
1-0: Called Strike
1-1: Swinging Strike
1-2: Foul Ball, location: 2F
1-2: Ground out 4-3 (Groundball, 34D, EV 82.5 MPH)
Joey Scott to third
Batting: RHB Trevor Gorsuch 0-0: Ball
1-0: Fly out, F7 (Line Drive, 7, EV 91.9 MPH)
Bottom of the 6th over - 0 runs, 1 hit, 0 errors, 1 left on base; Erie 2 - Aberdeen 5
TOP OF THE 7TH
Erie Roadrunners batting - Pitching for Aberdeen Ironbirds : RHP Aidan Parada
Batting: RHB Dennis Dahl 0-0: Ball
1-0: Called Strike
1-1: Ball
2-1: Foul Ball, location: 2F
2-2: Strikes out swinging
Pitching: RHP Eli Swoape
Batting: RHB Ryan Simpson 0-0: SOLO HOME RUN (Flyball, 7D, EV 98.1 MPH), Distance : 394 ft
Batting: RHB Nathan Richards 0-0: Called Strike
0-1: Foul Ball, location: 2F
0-2: Ball
1-2: Strikes out swinging
Batting: LHB Tom McNew 0-0: Called Strike
0-1: Ball
1-1: Foul Ball, location: 2F
1-2: Ball
2-2: Foul Ball, location: 2F
2-2: Strikes out swinging
Top of the 7th over - 1 run, 1 hit, 0 errors, 0 left on base; Erie 3 - Aberdeen 5
BOTTOM OF THE 7TH
Aberdeen Ironbirds batting - Pitching for Erie Roadrunners : RHP Jeff Earnest
Batting: RHB Jeremiah Butler 0-0: Called Strike
0-1: SINGLE (Line Drive, 78S, EV 94.4 MPH)
Batting: RHB Wyatt Tait 0-0: Foul Ball, location: 2F
0-1: SINGLE (Line Drive, 89S, EV 106.9 MPH)
Jeremiah Butler to second
Batting: RHB Wyatt Groome 0-0: Foul Ball, location: 2F
0-1: Foul Ball, location: 2F
0-2: DOUBLE (Line Drive, 9LM, EV 95.6 MPH)
Jeremiah Butler scores
Wyatt Tait to third
Batting: RHB Nolan Posner 0-0: Called Strike
0-1: Swinging Strike
0-2: Ball
1-2: Foul Ball, location: 2F
1-2: Foul Ball, location: 2F
1-2: Ball
2-2: SINGLE (Groundball, 34D, EV 96.2 MPH)
Wyatt Tait scores
Wyatt Groome to third
Runner from 3rd tries for Home, SAFE, throw by RF to home
Pitching: RHP Andy Klasen
Batting: RHB Jaydon Bradley 0-0: Ball
1-0: Ball
2-0: Fly out, F8 (Line Drive, 8RD, EV 90.6 MPH)
Batting: RHB Clayton Mendieta 0-0: Foul Ball, location: 2F
0-1: Foul Ball, location: 2F
0-2: Ball
1-2: Ground out 4-3 (Groundball, 34S, EV 88.8 MPH)
Nolan Posner to second
Batting: RHB Joey Scott 0-0: Ball
1-0: Ball
2-0: Called Strike
2-1: Ball
3-1: Reached on error, E3 (Groundball, 34S, EV 83.1 MPH)
Nolan Posner scores
Batting: RHB Levi Bellard 0-0: SINGLE (Line Drive, 89S, EV 92.5 MPH)
Joey Scott to third
Runner from 3rd tries for Home, SAFE, throw by RF to home
Levi Bellard to second
Batting: RHB Trevor Gorsuch 0-0: Called Strike
Balk!
Levi Bellard to third
0-1: Ball
1-1: Ball
2-1: Ball
3-1: Foul Ball, location: 2F
3-2: Base on Balls
Batting: RHB Jeremiah Butler 0-0: Ball
1-0: Ball
2-0: Ball
3-0: Base on Balls
Trevor Gorsuch to second
Batting: RHB Wyatt Tait 0-0: Ground out 5-3 (Groundball, 5S, EV 80.0 MPH)
Bottom of the 7th over - 5 runs, 5 hits, 1 error, 3 left on base; Erie 3 - Aberdeen 10
TOP OF THE 8TH
Erie Roadrunners batting - Pitching for Aberdeen Ironbirds : RHP Eli Swoape
Now at 1B: Chase MacDonald
Batting: RHB Jasper Humphries 0-0: SINGLE (Line Drive, 89S, EV 100.0 MPH)
Batting: LHB Blake Coursey 0-0: Ball
1-0: Called Strike
1-1: Foul Ball, location: 2F
1-2: Ball
2-2: Grounds into double play, 4-6-3 (Groundball, 4S, EV 85.0 MPH)
Batting: LHB Jaiden Gelovani 0-0: Foul Ball, location: 2F
0-1: Swinging Strike
0-2: Strikes out swinging
Top of the 8th over - 0 runs, 1 hit, 0 errors, 0 left on base; Erie 3 - Aberdeen 10
BOTTOM OF THE 8TH
Aberdeen Ironbirds batting - Pitching for Erie Roadrunners : RHP Andy Klasen
Batting: SHB Chase MacDonald 0-0: Called Strike
0-1: Ball
1-1: Ball
2-1: Ball
3-1: Base on Balls
Batting: RHB Nolan Posner 0-0: Swinging Strike
0-1: Swinging Strike
0-2: Strikes out looking
Batting: RHB Jaydon Bradley 0-0: Ball
1-0: Foul Ball, location: 2F
1-1: Grounds into double play, 6-4-3 (Groundball, 6S, EV 80.0 MPH)
Bottom of the 8th over - 0 runs, 0 hits, 0 errors, 0 left on base; Erie 3 - Aberdeen 10
TOP OF THE 9TH
Erie Roadrunners batting - Pitching for Aberdeen Ironbirds : RHP Eli Swoape
Batting: RHB Tre Daalhuizen 0-0: Ball
1-0: Ball
2-0: Ball
3-0: Called Strike
3-1: Foul Ball, location: 2F
3-2: Ground out 4-3 (Groundball, 4S, EV 85.6 MPH)
Batting: LHB Bruno de Santiago 0-0: Fly out, F5 (Popup, 5, EV 67.5 MPH)
Batting: RHB Dennis Dahl 0-0: Ball
1-0: Called Strike
1-1: Foul Ball, location: 2F
1-2: Ball
2-2: Ball
3-2: Foul Ball, location: 2F
3-2: Strikes out looking
Top of the 9th over - 0 runs, 0 hits, 0 errors, 0 left on base; Erie 3 - Aberdeen 10
Monday, April 29th , 2024 - OOTP Baseball 23.10 Build 110